 Dungeon Crawl Stone Soup version 0.21.1-1-g345015f (webtiles) character file.

163 Monsterracer the Sneak (level 5, -1/24 HPs)
             Began as a Spriggan Enchanter on Feb 11, 2018.
             Slain by Miyamura's ghost (5 damage)
             ... on level 3 of the Dungeon.
             The game lasted 00:04:39 (3247 turns).

Monsterracer the Sneak (Spriggan Enchanter)         Turns: 3247, Time: 00:04:39

Health: -1/24      AC:  2    Str:  4    XL:     5   Next: 20%
Magic:  6/12       EV: 18    Int: 17    God:
Gold:   67         SH:  0    Dex: 17    Spells: 1/13 levels left

rFire    . . .     SeeInvis +   a - +1 dagger (venom)
rCold    . . .     Gourm    .   (shield restricted)
rNeg     . . .     Faith    .   b - +0 robe
rPois    .         Spirit   .   (helmet restricted)
rElec    .         Reflect  .   (no cloak)
rCorr    .         Harm     .   (gloves unavailable)
MR       .....                  (boots unavailable)
Stlth    +++.......             (no amulet)
HPRegen  0.08/turn              (no ring)
MPRegen  0.13/turn              (no ring)

@: very quick
A: very small, unfitting armour, see invisible, herbivore, speed 3, slow
metabolism 2
a: no special abilities


You were on level 3 of the Dungeon.
You were hungry.

You visited 1 branch of the dungeon, and saw 3 of its levels.

You collected 67 gold pieces.

Inventory:

Hand Weapons
 a - a +1 dagger of venom (weapon)
Armour
 b - a +0 robe (worn)
Scrolls
 e - 2 scrolls of enchant weapon {unknown}
 f - 2 scrolls of remove curse {unknown}
 h - a scroll of random uselessness {unknown}
 i - 4 scrolls of identify {unknown}
 m - a scroll of fog {unknown}
 o - 2 scrolls of blinking {unknown}
 q - 2 scrolls of teleportation {unknown}
Potions
 d - a potion of ambrosia {unknown}
 g - 2 potions of heal wounds
 j - a potion of agility {unknown}
 k - 2 potions of cancellation {unknown}
 l - a potion of berserk rage {unknown}
 n - a potion of degeneration {unknown}
 p - a potion of curing {unknown}
Books
 r - a book of Callings

   Spells                             Type                      Level
   a - Summon Small Mammal            Summoning                    1
   b - Call Imp                       Summoning                    2
   c - Call Canine Familiar           Summoning                    3
   d - Summon Guardian Golem          Hexes/Summoning              3
   e - Summon Lightning Spire         Summoning/Air                4
   f - Summon Ice Beast               Ice/Summoning                4
Comestibles
 c - 6 rations


   Skills:
 * Level 2.6 Short Blades
 - Level 3.0 Dodging
 * Level 5.7 Stealth
 * Level 4.6 Spellcasting
 + Level 4.5 Hexes


You had one spell level left.
You knew the following spells:

 Your Spells              Type           Power        Failure   Level  Hunger
a - Corona                Hex            ###....      2%          1    None
b - Ensorcelled Hibernat  Hex/Ice        ##....       9%          2    ##.....
c - Confuse               Hex            ###.....     7%          3    ###....
d - Tukima's Dance        Hex            ###.....     7%          3    ###....
e - Dazzling Spray        Conj/Hex       ##....       17%         3    ###....


Dungeon Overview and Level Annotations

Branches:
Dungeon (3/15)

Altars:
Elyvilon

Annotations:
D:3 Miyamura's ghost, amateur OgWn


Innate Abilities, Weirdness & Mutations

You are very small and have problems with some larger weapons.
You are too small for most types of armour.
You have supernaturally acute eyesight. (SInv)
You are a herbivore.
You cover ground extremely quickly.
You need consume almost no food.


Message History

You hit Miyamura's ghost but do no damage.
Press: ? - help, v - describe, . - travel
Here: Miyamura's ghost (confused)
The floor.
You hit Miyamura's ghost but do no damage.
You barely miss Miyamura's ghost.
You hit Miyamura's ghost but do no damage.
You completely miss Miyamura's ghost. You closely miss Miyamura's ghost.
You hit Miyamura's ghost but do no damage.
You hit Miyamura's ghost but do no damage.
You closely miss Miyamura's ghost.
Miyamura's ghost seems less confused.
You barely miss Miyamura's ghost. Miyamura's ghost hits you!
You take 7 damage, and have 17/24 hp.
MASSIVE DAMAGE!!
Casting: Confuse
Confirm with . or Enter, or press ? or * to list all spells.
Aiming: Confuse
Press: ? - help, Shift-Dir - straight line, f/p - Miyamura's ghost
Aim: Miyamura's ghost (chance to defeat MR: 44%) Miyamura's ghost appears confused.
You now have 2/12 mp.
You are too injured to fight recklessly!
You hit Miyamura's ghost.
Miyamura's ghost is lightly damaged.
Miyamura's ghost misses you.
You strike the helpless Miyamura's ghost from behind!
You puncture Miyamura's ghost!
Miyamura's ghost is moderately damaged.
You hit Miyamura's ghost but do no damage.
Miyamura's ghost is moderately damaged.
You completely miss Miyamura's ghost.
Miyamura's ghost is moderately damaged.
You completely miss Miyamura's ghost.
Miyamura's ghost is moderately damaged.
You completely miss Miyamura's ghost.
Miyamura's ghost is moderately damaged.
You hit Miyamura's ghost.
Miyamura's ghost is moderately damaged.
You catch the helpless Miyamura's ghost completely off-guard!
You impale Miyamura's ghost!!
Miyamura's ghost is almost destroyed.
Miyamura's ghost completely misses you.
You hit Miyamura's ghost but do no damage.
Miyamura's ghost is almost destroyed.
Miyamura's ghost seems less confused.
Miyamura's ghost closely misses you.
You hit Miyamura's ghost but do no damage.
Miyamura's ghost is almost destroyed.
Miyamura's ghost closely misses you.
You hit Miyamura's ghost but do no damage.
Miyamura's ghost is almost destroyed.
Miyamura's ghost misses you.
You barely miss Miyamura's ghost.
Miyamura's ghost is almost destroyed.
Miyamura's ghost closely misses you.
You hit Miyamura's ghost.
Miyamura's ghost is almost destroyed.
You barely miss Miyamura's ghost.
Miyamura's ghost is almost destroyed.
Miyamura's ghost closely misses you.
You hit Miyamura's ghost.
Miyamura's ghost is almost destroyed.
Miyamura's ghost hits you but does no damage.
You closely miss Miyamura's ghost.
Miyamura's ghost is almost destroyed.
Miyamura's ghost hits you.
You take 5 damage, and have 14/24 hp.
MASSIVE DAMAGE!!
You closely miss Miyamura's ghost.
Miyamura's ghost is almost destroyed.
Miyamura's ghost closely misses you.
You hit Miyamura's ghost but do no damage.
Miyamura's ghost is almost destroyed.
Miyamura's ghost ripples.
Miyamura's ghost misses you.
You closely miss Miyamura's ghost.
Miyamura's ghost is almost destroyed.
Miyamura's ghost whispers, "Everlasting silence awaits you..."
Miyamura's ghost hits you!
* * * LOW HITPOINT WARNING * * *
You take 8 damage, and have 6/24 hp.
MASSIVE DAMAGE!!
You closely miss Miyamura's ghost.
Miyamura's ghost is almost destroyed.
Miyamura's ghost misses you.
You barely miss Miyamura's ghost.
Miyamura's ghost is almost destroyed.
Miyamura's ghost completely misses you.
You miss Miyamura's ghost.
Miyamura's ghost is almost destroyed.
You hit Miyamura's ghost but do no damage.
Miyamura's ghost is almost destroyed.
Miyamura's ghost closely misses you.
You barely miss Miyamura's ghost.
Miyamura's ghost is almost destroyed.
Miyamura's ghost hits you.
* * * LOW HITPOINT WARNING * * *
You take 2 damage, and have 4/24 hp.
You miss Miyamura's ghost.
Miyamura's ghost is almost destroyed.
Miyamura's ghost hits you.
You die...

#.........# ..# #.).......# ..
#...†.....# .#
#.........#############.#######
##.###.........................
#.# #.........................
#.###.........................
#..............W..............
#####.....)...@...............
#.........................
#..................)...... ##
#......................... .#
#......................... .#
#.........................
.######.........................
....#<..........................
.....##.........................


You could see Miyamura's ghost.

Vanquished Creatures
  3 gnolls
  6 adders
  An ooze (D:2)
  4 worms (D:2)
  2 dart slugs
  3 leopard geckos
  7 orcs
  3 giant cockroaches
  3 hobgoblins
  5 kobolds
  2 ball pythons (D:1)
  9 bats
  3 frilled lizards
  3 goblins
  8 rats
62 creatures vanquished.

Notes
Turn   | Place    | Note
-------+----------+-------------------------------------------
     0 | D:1      | Monsterracer the Spriggan Enchanter began the quest for the Orb.
     0 | D:1      | Reached XP level 1. HP: 9/9 MP: 5/5
   568 | D:1      | Reached XP level 2. HP: 13/13 MP: 7/7
   613 | D:1      | Learned a level 2 spell: Ensorcelled Hibernation
  1328 | D:2      | Reached XP level 3. HP: 15/16 MP: 9/9
  1333 | D:2      | Learned a level 3 spell: Confuse
  1337 | D:2      | Learned a level 3 spell: Tukima's Dance
  1405 | D:1      | Reached skill level 5 in Stealth
  1408 | D:2      | HP: 1/16 [gnoll/halberd (15)]
  1760 | D:2      | Reached XP level 4. HP: 16/21 MP: 11/11
  1904 | D:2      | HP: 7/21 [worm (7)]
  2413 | D:2      | HP: 6/21 [orc/dagger (5)]
  2518 | D:2      | Learned a level 3 spell: Dazzling Spray
  2523 | D:2      | Found a white marble altar of Elyvilon.
  2528 | D:2      | Reached XP level 5. HP: 24/24 MP: 12/12
  2797 | D:3      | HP: 12/24 [poisoned by an adder]
  2936 | D:3      | Noticed Miyamura's ghost (amateur OgWn)
  3241 | D:3      | HP: 6/24 [Miyamura's ghost (8)]
  3246 | D:3      | HP: 4/24 [Miyamura's ghost (2)]
  3247 | D:3      | Slain by Miyamura's ghost

Skill      XL: |  1  2  3 |
---------------+----------+-----
Spellcasting   | 3 4 |  4.6
Hexes          | 4 |  4.5
Stealth        | 5 |  5.7
Short Blades   | 2 |  2.6
Dodging        | |  3.0

Action                   |  1- 3 |  4- 6 || total
-------------------------+-------+-------++-------
Melee: Dagger            |    94 |   131 ||   225
 Cast: Corona            |     2 |       ||     2
       Ensorcelled Hiber |     5 |       ||     5
       Confuse           |       |     4 ||     4
  Use: Potion            |       |     1 ||     1
 Stab: Sleeping          |    11 |     9 ||    20
       Confused          |       |     2 ||     2
Armor: Robe              |    10 |     4 ||    14
Dodge: Dodged            |    75 |    62 ||   137

Vault maps used:
D:1:      ncdulo_lavacross
D:2:      marbit_many_paths
D:3:      overflow_temple_1_default, uniq_grinder
